 Dungeon Crawl Stone Soup version 0.32-a0-933-ga8fa3634e4 (webtiles) character file.

Game seed: 8096148885702008816

357 Foxy the Cutter (level 6, -1/48 HPs)
             Began as a Coglin Gladiator on Apr 15, 2024.
             Killed by divine providence
             ... invoked by an orc priest
              (14 damage)
             ... on level 4 of the Dungeon.
             The game lasted 00:04:00 (2739 turns).

Foxy the Cutter (Coglin Gladiator)                  Turns: 2739, Time: 00:04:00

Health: -1/48      AC:  6    Str: 14    XL:     6   Next: 64%
Magic:  6/6        EV: 12    Int:  8    God:
Gold:   242        SH:  0    Dex: 17    Spells: 4/5 levels left

rFire   . . .        a - +0 rapier {Minjee}
rCold   . . .        f - +0 dagger {Caihong}
rNeg    . . .        b - +0 leather armour
rPois   .            m - +1 helmet
rElec   .            (no cloak)
rCorr   .            (no gloves)
SInv    .            l - +0 pair of boots
Will    .....        (amulet unavailable)
Stlth   +            (ring unavailable)
HPRegen 0.28/turn    (ring unavailable)
MPRegen 0.10/turn    (no gizmo)

%: no passive effects
@: revved
A: off-hand wielding, slow wielding, warmup strikes, no jewellery
a: Invent Gizmo, Convert to Beogh


You were on level 4 of the Dungeon.
You visited 1 branch of the dungeon, and saw 4 of its levels.

You collected 242 gold pieces.

Inventory:

Hand Weapons
 a - a +0 rapier (weapon) {Minjee}
 f - a +0 dagger (offhand) {Caihong}
Missiles
 d - 3 throwing nets (quivered)
 e - 4 javelins
Armour
 b - a +0 leather armour (worn)
 c - a +0 helmet
 l - a +0 pair of boots (worn)
 m - a +1 helmet (worn)
Wands
 p - a wand of flame (16)
Scrolls
 i - a scroll of revelation
 k - a scroll of vulnerability
 n - 2 scrolls of enchant weapon
 q - a scroll of blinking
 s - 2 scrolls of fog {unknown}
 t - a scroll of amnesia
 u - a scroll of torment {unknown}
 w - a scroll of summoning {unknown}
 x - a scroll of identify
Potions
 g - 2 potions of heal wounds
 h - a potion of enlightenment {unknown}
 j - a potion of magic {unknown}
 o - a potion of might {unknown}
 r - a potion of haste {unknown}
 v - a potion of mutation {unknown}


   Skills:
 + Level 3.7 Fighting
 * Level 5.0 Short Blades
 - Level 1.7 Throwing
 + Level 4.0 Dodging


You had 4 spell levels left.
You knew the following spells:

 Your Spells              Type           Power      Damage    Failure   Level
a - Apportation           Tloc           0%         N/A       50%         1

Your spell library contained the following spells:

 Spells                   Type           Power      Damage    Failure   Level
 Inner Flame              Hex/Fire       0%         N/A       86%         3
 Teleport Other           Tloc           0%         N/A       86%         3
 Anguish                  Hex/Necr       0%         N/A       99%         4
 Silence                  Hex/Air        0%         N/A       100%        5
 Dispersal                Tloc           0%         N/A       100%        6
 Gell's Gavotte           Tloc           0%         2d(11-16) 100%        6


Dungeon Overview and Level Annotations

Branches:
Dungeon (4/15)
 Temple: D:4-7

Altars:
Elyvilon
Kikubaaqudgha
Yredelemnul

Shops:
D:1 *

Annotations:
D:3 exclusion: door


Innate Abilities, Weirdness & Mutations

You can wield a second weapon in your off-hand.
It takes a long time for you to wield or remove held weapons.
Your first few attacks do less damage.
You cannot equip rings or amulets.


Message History

You completely miss the orc wizard with your +0 dagger.
The orc wizard is heavily wounded.
You barely miss the orc wizard with your +0 rapier.
The orc priest closely misses you.
The orc wizard hits you but does no damage.
The orc hits you but does no damage.
The orc shouts!
You hit the orc wizard but do no damage.
The orc wizard is heavily wounded.
You hit the orc wizard with your +0 dagger.
The orc hits you with a +0 short sword.
The orc priest hits you with a +0 short sword.
The orc wizard closely misses you.
The orc priest shouts, "The Pantheon deserves no one's loyalty.
Let us show you the true path!" (press Y on the ability menu to convert to Beogh)
You barely miss the orc wizard with your +0 dagger.
The orc wizard is severely wounded.
You hit the orc wizard with your +0 rapier.
The orc priest hits you but does no damage.
The orc wizard hits you with a +0 dagger.
The orc hits you with a +0 short sword.
Unknown command.
You barely miss the orc wizard with your +0 rapier.
The orc wizard is almost dead.
You hit the orc wizard but do no damage.
The orc priest misses you. The orc hits you but does no damage.
The orc wizard misses you.
Unknown command.
You hit the orc wizard with your +0 rapier.
You kill the orc wizard!
The orc hits you but does no damage.
The orc priest invokes the aid of Beogh against you.
Beogh smites you!
* * * LOW HITPOINT WARNING * * *
Your Short Blades skill increases to level 5!
You closely miss the orc priest with your +0 rapier.
You hit the orc priest but do no damage.
The orc priest mumbles some strange prayers to Beogh against you.
Beogh smites you!
You die...

....###.#######.######.........
......#.#.......#....'.........
...##.#.#)#######.####.........
....#.#.#.# #.# #.........
....#...#.# #.# #.........
....#####.#######.####.........
...............................
...............o........###+###
.....>.........o@....†..#
..[............o........###
........###.###...........#
........#....○#.........#.#
........#.....#.........#.#
..........._.......$....# #
........#.....#.........#
........#§...○#.........#
......>.###.###.........#


You could see an orc priest and 2 orcs.

Vanquished Creatures
  A phantom (D:4)
  A sleepcap (D:4)
  Terence (D:2)
  An iguana (D:4)
  3 orc wizards
  2 adders (D:3)
  2 dart slugs
  3 ribbon worms
  4 orcs (D:3)
  A bat (D:3)
  4 endoplasms
  4 giant cockroaches
  9 goblins
  12 hobgoblins
  16 jackals
  5 kobolds
  5 quokkas
  7 ball pythons
  3 frilled lizards
  4 rats
88 creatures vanquished.

Notes
Turn   | Place    | Note
-------+----------+-------------------------------------------
     0 | D:1      | Foxy the Coglin Gladiator began the quest for the Orb.
     0 | D:1      | Reached XP level 1. HP: 16/16 MP: 1/1
    50 | D:1      | Reached XP level 2. HP: 22/22 MP: 2/2
    51 | D:1      | Reached skill level 3 in Short Blades
   185 | D:1      | Reached XP level 3. HP: 23/28 MP: 3/3
   244 | D:1      | Found Foejaurph's Assorted Antiques.
   617 | D:2      | Noticed Terence
   632 | D:2      | Killed Terence
   633 | D:2      | Reached XP level 4. HP: 17/34 MP: 4/4
  1010 | D:2      | Got the Opusculum on Movement and Malisons
  1093 | D:2      | Learned a level 1 spell: Apportation
  1596 | D:3      | Reached skill level 4 in Short Blades
  1596 | D:3      | Reached XP level 5. HP: 41/41 MP: 5/5
  1964 | D:3      | Found a basalt altar of Yredelemnul.
  1964 | D:3      | Noticed a weeping skull
  2363 | D:4      | Noticed a phantom
  2395 | D:4      | Killed a phantom
  2396 | D:4      | Reached XP level 6. HP: 40/47 MP: 6/6
  2462 | D:4      | Found a white marble altar of Elyvilon.
  2548 | D:4      | Found an ancient bone altar of Kikubaaqudgha.
  2739 | D:4      | Reached skill level 5 in Short Blades
  2739 | D:4      | Killed from afar by an orc priest

Illustrated notes

Levels and vault maps discovered:
D:1:      minmay_arrival_stone_box, layout_rooms, serial_shops, shop,
          chequers_decorated_corner, chequers_serial_rivers_micro_b
D:2:      layout_basic, hangedman_decor_growths, uniq_terence
D:3:      layout_loops_ring, yredelemnul_forgotten_temple_becter, minmay_cupped
D:4:      layout_basic, nicolae_kikubaaqudgha_miasma_corner, elyvilon_altar_5,
          serial_bayou_lagoon_a, nicolae_tricolors

Skill      XL: |  1  2  3  4  5  6 |
---------------+-------------------+-----
Short Blades   | 3 4 5 |  5.0
Dodging        | 3 4 |  4.0
Fighting       | 3 |  3.7
Throwing       | |  1.7

Action                     |  1- 3 |  4- 6 || total
---------------------------+-------+-------++-------
  Melee: Rapier            |    93 |   172 ||   265
         Dagger            |    85 |   163 ||   248
    Use: Scroll            |       |     6 ||     6
   Stab: Sleeping          |       |     3 ||     3
         Distracted        |       |     2 ||     2
 Armour: Leather armour    |    53 |    94 ||   147
  Dodge: Dodged            |    74 |    65 ||   139

Table legend: (Time is in decaauts)
 A = Elapsed time spent in this place.
 B = Non-inter-level travel time spent in this place.
 C = Inter-level travel time spent in this place.
 D = Time resting spent in this place.
 E = Time spent auto-exploring this place.
 F = Levels seen in this place.
 G = Mean time per level.
                   A        B        C        D        E       F      G
               +--------+--------+--------+--------+--------+-----+--------+
         Total |   2721 |   2644 |     77 |     72 |   1937 |   4 |  680.2 |
       Dungeon |   2721 |   2644 |     77 |     72 |   1937 |   4 |  680.2 |
               +--------+--------+--------+--------+--------+-----+--------+

Top non-repeatable levels by time:
     D:3: 842 daAuts
     D:2: 742 daAuts
     D:4: 569 daAuts
     D:1: 566 daAuts
